 Dungeon Crawl Stone Soup version 0.25-a0-316-gd28d56f9c5 (webtiles) character file.

Game seed: 17115441476152415221, levelgen mode: classic

18388 Borgoz the Basher (level 12, -5/76 HPs)
             Began as a Gargoyle Gladiator on Dec 25, 2019.
             Was the Champion of Okawaru.
             Slain by an enormous slime creature (75 damage)
             ... on level 12 of the Dungeon.
             The game lasted 00:19:59 (11336 turns).

Borgoz the Basher (Gargoyle Gladiator)             Turns: 11336, Time: 00:20:00

Health: -5/76      AC: 27    Str: 19    XL:     12   Next: 58%
Magic:  12/12      EV: 16    Int:  9    God:    Okawaru [******]
Gold:   146        SH:  0    Dex: 28    Spells: 11/11 levels left

rFire    . . .     SeeInvis +   a - +7 flail of the Lurker {freeze, rN+}
rCold    . . .     Gourm    .   (no shield)
rNeg     + + .     Faith    .   J - +3 chain mail "Betiteit" {+Inv Dex+8 Slay+3 Stlth-}
rPois    ∞         Spirit   .   I - +2 helmet {SInv}
rElec    +         Reflect  .   M - scarf {repulsion}
rCorr    .         Harm     .   y - +0 pair of gloves
MR       .....                  (no boots)
Stlth    ..........             c - amulet of the acrobat
HPRegen  0.22/turn              i - +5 ring of slaying
MPRegen  0.13/turn              F - +5 ring of dexterity

@: repel missiles
A: negative energy resistance 1, electricity resistance, unbreathing,
petrification resistance, rot immunity, AC +8
a: Heroism, Finesse, Renounce Religion, Evoke Invisibility


You were on level 12 of the Dungeon.
You worshipped Okawaru.
Okawaru was exalted by your worship.
You were hungry.

You visited 2 branches of the dungeon, and saw 13 of its levels.
You also visited: Sewer.

You collected 713 gold pieces.
You spent 567 gold pieces at shops.

Inventory:

Hand Weapons
 a - the +7 flail of the Lurker (weapon) {freeze, rN+}
   (You bought it in a shop on level 4 of the Dungeon)

   It has been specially enchanted to freeze those struck by it, causing extra
   injury to most foes and up to half again as much damage against particularly
   susceptible opponents.
   It can also slow down cold-blooded creatures.
   It protects you from negative energy.
Missiles
 d - 2 throwing nets (quivered)
Armour
 y - a +0 pair of gloves (worn)
 I - a +2 helmet of see invisible (worn)
 J - the +3 chain mail "Betiteit" (worn) {+Inv Dex+8 Slay+3 Stlth-}
   (You bought it in a shop on level 10 of the Dungeon)

   It affects your dexterity (+8).
   It affects your accuracy and damage with ranged weapons and melee attacks
   (+3).
   It lets you turn invisible.
   It makes you less stealthy.
 M - a scarf of repulsion (worn)
Jewellery
 c - an amulet of the acrobat (around neck)
 i - a +5 ring of slaying (left hand)
 r - an uncursed ring of protection from magic
 F - a +5 ring of dexterity (right hand)
Wands
 b - a wand of polymorph (9)
 k - a wand of flame (19)
 D - a wand of paralysis (14)
Scrolls
 j - 8 scrolls of remove curse
 l - a scroll of enchant armour
 o - a scroll of holy word {unknown}
 q - a scroll of fear {unknown}
 s - 2 scrolls of amnesia {unknown}
 t - 6 scrolls of teleportation
 v - a scroll of vulnerability {unknown}
 z - 2 scrolls of blinking {unknown}
 K - a scroll of magic mapping
 L - a scroll of enchant weapon
Potions
 e - 2 potions of resistance
 g - 5 potions of curing
 h - 2 potions of cancellation {unknown}
 m - 4 potions of mutation
 n - a potion of heal wounds
 p - 2 potions of lignification
 u - a potion of might
 w - 2 potions of flight {unknown}
 B - a potion of degeneration {unknown}
 C - a potion of magic
 E - a potion of invisibility
 G - a potion of agility
 H - a potion of ambrosia
Comestibles
 f - 24 rations
 x - 7 chunks of flesh


   Skills:
 + Level 9.4 Fighting
 * Level 12.0 Maces & Flails
 - Level 1.7 Throwing
 + Level 9.1 Armour
 * Level 10.3 Dodging


You had 11 spell levels left.
You didn't know any spells.
Your spell library contained the following spells:

 Spells                   Type           Power        Failure   Level  Hunger
 Beastly Appendage        Tmut           #.....       97%         1    ##.....
 Foxfire                  Conj/Fire      #...         97%         1    ##.....
 Infusion                 Chrm           #...         97%         1    ##.....
 Magic Dart               Conj           #...         97%         1    ##.....
 Blink                    Tloc           N/A          99%         2    ###....
 Call Imp                 Summ           #.......     99%         2    ###....
 Shroud of Golubria       Chrm/Tloc      #.....       99%         2    ###....
 Slow                     Hex            #.......     99%         2    ###....
 Song of Slaying          Chrm           #.......     99%         2    ###....
 Sticks to Snakes         Tmut           #.......     99%         2    ###....
 Conjure Flame            Conj/Fire      #.......     100%        3    ####...
 Inner Flame              Hex/Fire       #.......     100%        3    ####...
 Mephitic Cloud           Conj/Pois/Air  #.......     100%        3    ####...
 Regeneration             Chrm/Necr      #.........   100%        3    ####...
 Spectral Weapon          Hex/Chrm       #.......     100%        3    ####...
 Spider Form              Tmut/Pois      #.........   100%        3    ####...
 Ice Form                 Ice/Tmut       #.......     100%        4    #####..
 Sticky Flame             Conj/Fire      #.......     100%        4    #####..
 Blade Hands              Tmut           #.........   100%        5    ######.
 Fireball                 Conj/Fire      #.........   100%        5    ######.


Dungeon Overview and Level Annotations

Branches:
Dungeon (12/15)            Temple (1/1) D:6            Lair (0/6) D:9
    Orc (0/2) D:10          Sewer (visited)

Altars:
Cheibriados
Dithmenos
Gozag
Hepliaklqana
Makhleb
Okawaru
Ru
Vehumet
Wu Jian
Xom

Shops:
D:4 (   D:10 [   D:11 (


Innate Abilities, Weirdness & Mutations

You are resistant to torment.
Your stone body is resilient. (AC +8)
You are immune to poison.
You resist negative energy. (rN+)
You are resistant to electric shocks. (rElec)
You can survive without breathing.
You are immune to petrification.
You are immune to rotting.


Message History

Two slime creatures merge to form a large slime creature.
Items here: %% ))) [ ÷÷ † You sock the slime creature!
You freeze the slime creature.
The slime creature is moderately wounded.
The slime creature hits you but does no damage.
Two slime creatures merge to form a very large slime creature.
You bludgeon the very large slime creature!!
You freeze the very large slime creature!
The very large slime creature is heavily wounded.
Two slime creatures merge to form an enormous slime creature.
You sock the enormous slime creature! You freeze the enormous slime creature.
The enormous slime creature is heavily wounded.
You hit the enormous slime creature. You freeze the enormous slime creature.
The enormous slime creature is heavily wounded.
You bludgeon the enormous slime creature!!
You freeze the enormous slime creature.
The enormous slime creature is heavily wounded.
The enormous slime creature hits you!!!!
Ouch! That really hurt!
You die...

...#.....# ...##....#
....##...# ###...###.#
##.##....#.# #
##...##..)..# ...
#.....#.....#
.....#####†....##....#
.......)J@†..).......#
####.#..##############
#...## #..... #.#### #


You could see an enormous slime creature.

Vanquished Creatures
  A fire giant (D:12)
  5 two-headed ogres
  An unseen horror (D:12)
  Pikel (D:7)
  3 ugly things
  A deep elf mage (D:11)
  A cyclops (D:11)
  A manticore (shapeshifter) (D:12)
  2 gargoyles (D:12)
  A freezing wraith (D:12)
  3 trolls
  A hornet (D:12)
  3 slime creatures (D:12)
  3 hippogriffs
  A shadow (D:12)
  A spriggan (D:8)
  2 wyverns (D:12)
  7 yaks (D:12)
  The ghost of Lanoc the Cutter, an amateur HaBe of Trog (D:3)
  6 vampire mosquitoes (D:12)
  3 ice beasts
  3 orc warriors
  4 slaves (D:7)
  Purgy (Sewer)
  2 sky beasts
  7 ogres
  2 phantoms
  A necrophage (D:12)
  5 centaurs
  A crocodile (D:10)
  4 big kobolds
  6 bullfrogs
  A wyvern zombie (D:12)
  2 wyvern skeletons
  2 scorpions
  9 killer bees
  4 electric eels (D:6)
  2 howler monkeys (D:8)
  11 crimson imps
  A quasit (D:11)
  4 jellies
  Crazy Yiuf (D:7)
  4 orc priests
  2 centaur skeletons
  A gnoll shaman (D:4)
  4 hounds
  7 orc wizards
  4 iguanas
  14 worker ants
  Robin (D:2)
  2 worker ant zombies
  10 gnolls
  11 adders
  2 shadow imps (D:11)
  A white imp (D:11)
  2 oozes
  2 adder skeletons
  7 worms
  9 leopard geckos
  34 orcs
  A ball python (D:3)
  3 giant cockroaches
  19 goblins
  11 hobgoblins
  11 jackals
  45 kobolds
  8 quokkas
  7 bats
  7 frilled lizards
  A jackal zombie (D:7)
  4 rats
355 creatures vanquished.

Vanquished Creatures (others)
  A killer bee (D:12)
1 creature vanquished.

Grand Total: 356 creatures vanquished

Notes
Turn   | Place    | Note
-------+----------+-------------------------------------------
     0 | D:1      | Borgoz the Gargoyle Gladiator began the quest for the Orb.
     0 | D:1      | Reached XP level 1. HP: 12/12 MP: 1/1
   259 | D:1      | Reached XP level 2. HP: 14/17 MP: 2/2
   433 | D:1      | Reached skill level 1 in Armour
   744 | D:2      | Reached XP level 3. HP: 22/22 MP: 3/3
  1098 | D:2      | Reached XP level 4. HP: 20/27 MP: 4/4
  1485 | D:3      | Noticed Robin
  1743 | D:2      | Killed Robin
  1967 | D:3      | Reached skill level 4 in Maces & Flails
  2053 | D:3      | Reached XP level 5. HP: 21/32 MP: 5/5
  2166 | D:3      | Found a transporter.
  2166 | D:3      | Noticed Lanoc's ghost (amateur HaBe)
  2291 | D:3      | Found a transporter.
  2667 | D:3      | Found a sacrificial altar of Ru.
  3082 | D:4      | Noticed an ice beast
  3083 | D:4      | Found Neah's Antique Weapon Shoppe.
  3114 | D:4      | Reached XP level 6. HP: 24/37 MP: 6/6
  3119 | D:4      | Killed an ice beast
  3196 | D:4      | Reached skill level 5 in Maces & Flails
  3421 | D:4      | Reached XP level 7. HP: 41/42 MP: 7/7
  3438 | D:4      | Found an opulent altar of Gozag.
  3538 | D:4      | Found a snail-covered altar of Cheibriados.
  3539 | D:4      | Found an ornate altar of the Wu Jian Council.
  3647 | D:4      | Found a burning altar of Makhleb.
  3780 | D:4      | Found a shadowy altar of Dithmenos.
  3782 | D:4      | Found an iron altar of Okawaru.
  3792 | D:4      | Became a worshipper of Warmaster Okawaru
  3839 | D:5      | Entered Level 5 of the Dungeon
  3900 | D:5      | Found a glowing drain.
  3939 | Sewer    | Entered a sewer
  3999 | Sewer    | Noticed Purgy
  4016 | Sewer    | Killed Purgy
  4359 | D:5      | Reached XP level 8. HP: 48/48 MP: 8/8
  4446 | D:5      | Found a radiant altar of Vehumet.
  4659 | D:6      | Found a staircase to the Ecumenical Temple.
  4686 | D:6      | Reached skill level 6 in Maces & Flails
  4768 | D:6      | Reached * piety under Okawaru
  4768 | D:6      | Reached skill level 5 in Dodging
  5533 | D:6      | Reached skill level 5 in Fighting
  5573 | D:6      | Reached skill level 7 in Maces & Flails
  5609 | D:6      | Reached ** piety under Okawaru
  5609 | D:6      | Reached XP level 9. HP: 47/54 MP: 9/9
  6157 | Temple   | Entered the Ecumenical Temple
  6269 | D:4      | Bought a brightly glowing flail for 263 gold pieces
  6269 | D:4      | Identified the +7 flail of the Lurker {freeze, rN+} (You
                  | bought it in a shop on level 4 of the Dungeon)
  6316 | D:3      | Killed Lanoc's ghost
  6316 | D:3      | Reached skill level 5 in Armour
  6546 | D:7      | Found a runed translucent door.
  6547 | D:7      | Noticed Crazy Yiuf
  6724 | D:7      | Noticed Pikel
  6740 | D:7      | Killed Pikel
  6740 | D:7      | Reached skill level 8 in Maces & Flails
  7047 | D:7      | Killed Crazy Yiuf
  7076 | D:8      | Reached *** piety under Okawaru
  7244 | D:8      | Noticed a two-headed ogre
  7252 | D:8      | Killed a two-headed ogre
  7252 | D:8      | Reached XP level 10. HP: 61/61 MP: 10/10
  7423 | D:8      | Reached skill level 9 in Maces & Flails
  7433 | D:8      | Found a hazy altar of Hepliaklqana.
  7434 | D:8      | Found a shimmering altar of Xom.
  7435 | D:8      | Noticed a spectral ugly thing
  8140 | D:9      | Noticed a two-headed ogre
  8147 | D:9      | Killed a two-headed ogre
  8147 | D:9      | Reached **** piety under Okawaru
  8293 | D:9      | Found a staircase to the Lair.
  8784 | D:10     | Entered Level 10 of the Dungeon
  8798 | D:10     | Found a staircase to the Orcish Mines.
  8892 | D:10     | Found Ohodaw's Antique Armour Boutique.
  8895 | D:10     | Bought a shimmering chain mail for 304 gold pieces
  8905 | D:10     | Identified the +3 chain mail "Betiteit" {+Inv Dex+8 Slay+3
                  | Stlth-} (You bought it in a shop on level 10 of the
                  | Dungeon)
  9216 | D:10     | Noticed a white ugly thing
  9230 | D:10     | Killed a white ugly thing
  9230 | D:10     | Reached skill level 10 in Maces & Flails
  9328 | D:10     | Reached XP level 11. HP: 62/67 MP: 11/11
  9475 | D:11     | Noticed a deep elf mage
  9480 | D:11     | Killed a deep elf mage
  9539 | D:11     | Reached ***** piety under Okawaru
  9573 | D:11     | Noticed a cyclops
  9582 | D:11     | Killed a cyclops
  9628 | D:11     | Noticed a two-headed ogre
  9632 | D:11     | Killed a two-headed ogre
 10020 | D:11     | Found Ryproasi's Weapon Emporium.
 10266 | D:12     | Noticed a two-headed ogre
 10271 | D:12     | Received a gift from Okawaru
 10276 | D:12     | Killed a two-headed ogre
 10512 | D:12     | Noticed an unseen horror
 10536 | D:12     | Killed an unseen horror
 10536 | D:12     | Reached skill level 11 in Maces & Flails
 10574 | D:12     | Received a gift from Okawaru
 10741 | D:12     | Noticed a two-headed ogre
 10741 | D:12     | Noticed a fire giant
 10772 | D:12     | Killed a fire giant
 10772 | D:12     | Reached XP level 12. HP: 25/75 MP: 12/12
 11041 | D:12     | Killed a two-headed ogre
 11086 | D:12     | Reached ****** piety under Okawaru
 11099 | D:12     | Reached skill level 10 in Dodging
 11309 | D:12     | Reached skill level 12 in Maces & Flails
 11325 | D:12     | Received a gift from Okawaru
 11326 | D:12     | Found the +7 great mace "Firestarter" {inner flame, rF++}
 11336 | D:12     | Slain by an enormous slime creature

Levels and vault maps discovered:
D:1:      mrwooster_arrival_statue, layout_basic
D:2:      layout_loops_ring
D:3:      layout_basic, gammafunk_ghost_arena, first_ration,
          kennysheep_nondescript, nicolae_ru_the_path_less_chosen, uniq_robin
D:4:      layout_rooms, nicolae_overflow_hidden_temple,
          chequers_temple_overflow_statue_of_worship, serial_shops,
          nicolae_shop_stone, grunt_gozag_statues
D:5:      layout_loops_ring, vehumet_altar_wand_db, cheibrodos_sewer_entry_drain
D:6:      minmay_goblin_kobold_castle, layout_loops_corners,
          minmay_temple_entry_purple_smoke
D:7:      layout_loops_cross, uniq_pikel, uniq_crazy_yiuf_cottage
D:8:      layout_cave_pods, regret_index_temple_of_mockery, the_bakery
D:9:      layout_stronghold, lair_entry_dummy
D:10:     layout_basic, orc_0_dummy, serial_shops, nicolae_shop_behind_doors,
          kennysheep_generic_room_4
D:11:     layout_roguey, serial_co_window_serial, co_window_paths_b,
          co_window_paths_a, co_window_corner_a, co_window_corner_a,
          co_window_paths_b, co_window_broadway_c, co_window_corner_ca,
          co_window_paths_c, glass_columns_c, serial_shops,
          nicolae_shop_waterfront, minmay_nine_imps
D:12:     minmay_connected_boxes_in_corner, layout_basic
Temple:   eino_temple_water

Skill      XL: |  1  2  3  4  5  6  7  8  9 10 11 12 |
---------------+-------------------------------------+-----
Armour         | 1 2 3 4 6 7 8 9 |  9.1
Dodging        | 3 4 5 7 8 9 10 | 10.3
Maces & Flails | 4 5 7 8 10 11 12 | 12.0
Fighting       | 3 4 5 6 7 8 9 |  9.4
Throwing       | |  1.7

Action                   |  1- 3 |  4- 6 |  7- 9 | 10-12 || total
-------------------------+-------+-------+-------+-------++-------
Melee: Flail             |   109 |   275 |   326 |   379 ||  1089
Throw: Throwing net      |       |       |     2 |       ||     2
Evoke: Wand              |       |       |     3 |       ||     3
  Use: Potion            |       |     5 |       |       ||     5
       Scroll            |       |     5 |     7 |     5 ||    17
 Stab: Held in net/web   |       |       |     1 |       ||     1
  Eat: Chunk             |     1 |     8 |    12 |    13 ||    34
Armor: Scale mail        |    66 |   203 |   137 |    21 ||   427
       Leather armour    |     2 |       |       |       ||     2
       Chain mail        |       |       |       |   110 ||   110
       Troll leather arm |       |       |       |     9 ||     9
Dodge: Dodged            |    79 |   204 |   263 |   285 ||   831

Table legend:
 A = Non-vault XP
 B = Vault XP
 C = Vault XP percentage of total XP
 D = Non-vault monster count
 E = Vault monster count
 F = Vault count percentage of total count
                 A         B        C        D         E       F
            +---------+---------+-------+---------+---------+-------
      Total |   17908 |    8361 |  31.8 |     256 |      95 |  27.1
            +---------+---------+-------+---------+---------+-------
        D:1 |      32 |       0 |   0.0 |      15 |       0 |   0.0
        D:2 |      54 |      25 |  31.6 |      20 |       6 |  23.1
        D:3 |     160 |     187 |  53.9 |      34 |      10 |  22.7
        D:4 |     527 |       0 |   0.0 |      18 |       0 |   0.0
        D:5 |     262 |       8 |   3.0 |       5 |       3 |  37.5
        D:6 |    1047 |     355 |  25.3 |      28 |      41 |  59.4
        D:7 |     504 |     704 |  58.3 |      15 |       2 |  11.8
        D:8 |    1863 |     215 |  10.3 |      17 |       1 |   5.6
        D:9 |    1807 |       0 |   0.0 |      18 |       0 |   0.0
       D:10 |    1365 |      50 |   3.5 |      23 |       1 |   4.2
       D:11 |    3905 |     327 |   7.7 |      22 |       9 |  29.0
       D:12 |    6382 |    6350 |  49.9 |      41 |      16 |  28.1
      Sewer |       0 |     140 | 100.0 |       0 |       6 | 100.0
            +---------+---------+-------+---------+---------+-------
